Unix xNetHack Version 7.1.0 - last build Dec 11 2022 15:18:36 (91bc4d2507b4b34ac92889b06d50a936f6bde808). Game began 2023-04-09 08:15:45, ended 2023-04-09 08:41:37. Anerag, chaotic female elven Priestess ----- --...-- ----- ----- |..0<.| --.|.-- --- ---...----.---.----.....| |.-- |......|.....%%).......- |..-- |.........----..---....-- |...| ---.......| |..| |-%...| |...| --......| ---- |....-- |.^- |......| --....| |..| --.....-- |...--- ---..--- --.....| -- --..| --....Q.- |.....---.| --.-- --..----... |........- |..--------..-- .... --........| -.....--....-- ...... |........-- -- -.......[--- ---.... -........| |...........| ...| |.........| |...........--- ... |.........| |..|.--.).....| --- ----.|.---- ------------.-- ----- -- Anerag the Acolyte St:25 Dx:10 Co:14 In:15 Wi:13 Ch:12 Chaotic Dlvl:5 $:0 HP:0(31) Pw:37(51) AC:4 Exp:5 T:2448 Hungry Blind Deaf Latest messages: It misses! You begin bashing monsters with your thonged club. You miss it. Wait! There's something there you can't see! It seems to be introducing herself, but you can't hear her. She charms you. You gladly start removing your boots. You feel yourself slow down. It pretends to be friendly. It bites! You are beginning to feel hungry. It seems to be introducing herself, but you can't hear her. It stole an uncursed thonged club. It seems to be introducing herself, but you can't hear her. She charms you. You gladly start removing your robe. It bites! You can move again. It steals an uncursed +0 robe! It bites! It bites! It bites! What do you want to wear? [u or ?*] ? It bites! It bites! It punches you! You finish your dressing maneuver. You feel yourself speed up. Are you sure you want to pray? [yn] (n) y You begin praying to Kos. You feel something move nearby. You feel something move nearby. You feel something move nearby. You feel something move nearby. You feel something move nearby. You finish your prayer. You feel that Kos is well-pleased. You are already empty handed. In what direction? . You feel better. It bites! The phial crashes on your head and breaks into shards. Something seems to be holding you. It bites! It bites! It punches you! It bites! It bites! It stabs you! You recoil from the touch of iron! You die... Do you want your possessions identified? [ynq] (y) q Major events: Turn 1: Anerag the chaotic elven Priestess entered the dungeon 548: attained the rank of Acolyte (level 3) 1351: entered the Gnomish Mines 2448: killed by a hobbit, while frozen by a potion Inventory: Inventory: 647/1000 weight (9/52 slots) Weapons a - a blessed +1 copper mace {31} Armor p - a blessed +1 orcish helm (being worn) {23} t - an uncursed +0 pair of gauntlets of power (being worn) {23} u - an uncursed +0 pair of speed boots (being worn) {15} D - an uncursed +0 iron shield of reflection (being worn) {33} Tools b - an uncursed sack containing 20 items {498} i - an uncursed tooled horn {18} m - a cursed lock pick {4} l - an uncursed tallow candle {2} Contents of the sack: an uncursed clove of garlic 3 uncursed food rations an uncursed sprig of wolfsbane an uncursed scroll of magic mapping a blessed scroll of identify an uncursed scroll of teleportation an uncursed spellbook of force bolt an uncursed spellbook of healing an uncursed spellbook of stone to flesh a blessed potion of healing 2 cursed potions of healing 2 uncursed potions of invisibility an uncursed potion of full healing an uncursed potion of booze 4 potions of holy water 3 uncursed potions of water an uncursed ring of slow digestion an uncursed worthless piece of orange glass 2 uncursed worthless pieces of violet glass 5 uncursed worthless pieces of yellow glass Anerag the Priestess's attributes: Background: You were an Acolyte, a level 5 elven Priestess. You were chaotic, on a mission for Kos who was opposed by Issek (lawful) and Mog (neutral). You were heterosexual. You were in the Gnomish Mines, on level 5. You entered the dungeon 2448 turns ago. You had 205 experience points, 115 more were needed to attain level 6. Basics: You had 0 out of 31 hit points. You had 37 out of 51 energy points (spell power). Your armor class was 4. Your wallet was empty. Autopickup was on for '$' plus thrown. Final Characteristics: Your strength was 25 (base:12, innate limit:18). Your dexterity was 10 (limit:18). Your constitution was 14 (limit:16). Your intelligence was 15 (limit:20). Your wisdom was 13 (limit:20). Your charisma was 12 (limit:18). Final Status: You were temporarily blind. You were deaf. You were hungry. You were unencumbered. You were empty handed. You were unskilled in bare handed combat. Final Attributes: You were piously aligned. You were sleep resistant. You had infravision. You were harmed by iron. You were very fast. You had reflection. You are dead. Miscellaneous: You disabled loading of bones levels. Total elapsed playing time was 25 minutes and 52 seconds. Vanquished creatures: 2 shriekers a gnome leader a kitten a dwarf 2 rothes a giant bat an iguana a coyote a large kobold a giant rat a brown mold 7 gnomes 2 garter snakes 4 geckos 2 jackals a fox a kobold a goblin 2 sewer rats 8 grid bugs a bat 4 lichens a kobold zombie 3 newts 50 creatures vanquished. No species were genocided or became extinct. Voluntary challenges: You were illiterate. You never genocided any monsters. You never polymorphed an object. You never changed form. You never touched an artifact. You used no wishes. You never owned a pet. You never scared an enemy with impunity. You were celibate. You never generated conflict. Achievements: You attained the rank of Acolyte. You entered a shop. You entered the Gnomish Mines. The Dungeons of Doom: levels 1 to 6 Level 1: Level 2: A tree. Level 3: An armor shop, an altar. Level 4: A fountain. Stairs down to The Gnomish Mines. Level 5: A fountain, a sink. Level 6: A fountain. The Gnomish Mines: Level 5: <- You were here. Final resting place for you, killed by a hobbit, while frozen by a potion. Game over: __________ / \ / REST \ / IN \ / PEACE \ / \ | Anerag | | 0 Au | | killed by a | | hobbit | | | | | | 2023 | *| * * * | * _________)/\\_//(\/(/\)/\//\/|_)_______ Goodbye Anerag the Priestess... You died in The Gnomish Mines on dungeon level 5 with 1070 points, and 0 pieces of gold, after 2448 moves. You were level 5 with a maximum of 31 hit points when you died.